Map: 2000 Atmospheres LE

Players

Reynor - Winner!

  • Race: Zerg Zerg

HeroMarine

  • Race: Terran Terran

Event: IEM Katowice 2022

VOD

Have the link to the VOD?

Description

Time

  • Played on: Feb. 27, 2022, 5:13 a.m.
  • Length: 16:36

All games in this series

Show
View Real Time Build Order
Export as new Build Order

Reynor Zerg - Winner!

Build Orders: Hatch First 

Get SALT Encoding   

  12  0:00  Drone  
  13  0:11  Overlord  
  13  0:16  Drone  
  14  0:30  Drone x2  
  16  0:47  Hatchery  
  15  0:51  Drone  
  15  0:55  Drone  
  17  0:58  Drone  
  18  1:09  Extractor  
  17  1:13  Spawning Pool  
  17  1:16  Drone  
  17  1:20  Drone  
  18  1:27  Drone  
  19  1:38  Drone  
  20  1:48  Overlord  
  20  1:59  Queen x2  
  20  2:00  Zergling x4  
  26  2:09  Drone  
  26  2:10  Drone  
  28  2:20  Drone x2  
  30  2:27  Hatchery  
  29  2:31  Drone  
  29  2:32  Drone  
  31  2:38  Metabolic Boost  
  31  2:42  Drone  
  32  2:45  Overlord  
  32  2:53  Drone x2  
  32  2:56  Queen  
  36  3:04  Drone x2  
  38  3:08  Overlord  
  38  3:09  Drone  
  38  3:10  Drone  
  40  3:15  Pneumatized Carapace  
  40  3:17  Drone  
  40  3:18  Drone  
  42  3:26  Overlord  
  42  3:27  Drone  
  42  3:32  Queen  
  45  3:36  Drone  
  45  3:39  Queen  
  48  3:42  Zergling x4  
  48  3:46  Drone  
  51  3:49  Zergling x2  
  51  3:50  Drone  
  53  3:57  Overlord  
  53  3:58  Queen  
  53  4:00  Drone x2  
  57  4:03  Overlord  
  57  4:04  Drone x2  
  57  4:07  Drone  
  60  4:12  Queen  
  60  4:13  Zergling x4  
  64  4:19  Overlord  
  64  4:21  Zergling x6  
  64  4:23  Queen  
  69  4:25  Drone  
  69  4:26  Drone  
  71  4:31  Overlord  
  71  4:35  Zergling x2  
  72  4:39  Drone, Overlord, Queen  
  72  4:43  Drone x3  
  78  4:48  Roach Warren, Drone x2  
  78  4:50  Drone  
  78  4:52  Drone x2  
  82  4:57  Lair, Spore Crawler  
  81  5:00  Spore Crawler  
  81  5:03  Spore Crawler  
  81  5:04  Drone x2  
  81  5:08  Drone x2  
  81  5:10  Spore Crawler  
  75  5:22  Queen  
  75  5:24  Zergling x6  
  75  5:28  Roach x5  
  81  5:34  Roach  
  81  5:35  Drone x3  
  88  5:37  Overlord, Extractor  
  88  5:39  Drone x2  
  88  5:42  Drone  
  90  5:48  Drone x2  
  91  5:50  Drone x2  
  91  5:51  Overlord  
  91  5:53  Drone  
  91  5:56  Queen  
  94  5:57  Drone x2  
  94  5:59  Extractor  
  94  6:01  Drone x2, Spine Crawler  
  94  6:02  Drone  
  97  6:04  Drone  
  97  6:06  Extractor  
  97  6:07  Overlord, Extractor  
  97  6:10  Queen, Evolution Chamber, Extractor  
  97  6:13  Drone  
  97  6:14  Drone  
  99  6:18  Overlord  
  99  6:22  Zergling x4  
  99  6:24  Drone  
  99  6:25  Drone, Spire  
  103  6:30  Overseer, Drone  
  103  6:34  Drone  
  103  6:41  Hatchery  
  103  6:42  Drone x4  
  103  6:45  Drone  
  103  6:46  Drone  
  106  6:47  Zerg Missile Weapons Level 1  
  106  6:54  Overlord  
  104  6:56  Queen  
  104  6:58  Overlord  
  104  7:00  Drone x2  
  108  7:08  Drone  
  108  7:09  Drone x3  
  108  7:11  Drone  
  114  7:15  Drone  
  114  7:16  Overlord  
  114  7:17  Drone x2  
  114  7:18  Drone  
  114  7:19  Drone x3  
  120  7:24  Overlord  
  120  7:36  Overseer  
  120  7:39  Corruptor x7  
  120  7:42  Zerg Flyer Weapons Level 1  
  134  7:46  Drone x6  
  134  7:49  Extractor x2, Corruptor  
  140  7:55  Drone  
  141  8:03  Hatchery  
  140  8:06  Roach x7  
  140  8:09  Roach, Zergling x2  
  140  8:10  Overlord  
  140  8:12  Roach  
  156  8:16  Roach  
  156  8:18  Overlord  
  158  8:22  Zergling x2  
  158  8:25  Overlord x2  
  159  8:30  Overlord  
  155  8:43  Roach x6  
  155  8:47  Glial Reconstitution, Ravager x6  
  173  8:48  Zerg Missile Weapons Level 2  
  173  8:49  Drone x2  
  173  8:50  Overlord  
  173  8:53  Drone x2  
  177  8:56  Evolution Chamber  
  177  9:00  Corruptor x3  
  182  9:06  Drone x6  
  189  9:10  Drone  
  189  9:11  Infestation Pit  
  189  9:12  Baneling Nest  
  189  9:14  Ravager x2  
  189  9:15  Roach x2  
  189  9:16  Zergling x8  
  197  9:41  Roach x4  
  196  9:48  Zerg Melee Weapons Level 1  
  194  9:54  Zergling x16  
  191  10:04  Roach x4  
  199  10:10  Roach x3  
  199  10:13  Overlord  
  176  10:27  Roach x11  
  184  10:29  Hive  
  184  10:31  Drone x2  
  184  10:32  Drone x3  
  184  10:34  Zergling x22  
  200  10:45  Spore Crawler x2, Spine Crawler  
  200  10:47  Spine Crawler x2  
  195  11:01  Hatchery  
  190  11:07  Roach, Zergling x4  
  190  11:08  Zergling x14  
  190  11:11  Corruptor x3  
  192  11:16  Corruptor  
  193  11:20  Ravager x5  
  193  11:21  Ravager x2  
  200  11:30  Zergling x4  
  196  11:44  Zergling x2  
  196  11:45  Zergling x24  
  198  11:50  Zergling x16  
  198  11:53  Roach  
  198  11:58  Roach x2, Zergling x6  
  192  12:02  Roach x5  
  192  12:04  Roach  
  192  12:05  Centrifugal Hooks  
  192  12:06  Zerg Missile Weapons Level 3, Zerg Melee Weapons Level 2  
  192  12:07  Roach x2  
  183  12:13  Roach x3  
  183  12:14  Queen  
  172  12:15  Queen  
  172  12:17  Roach  
  172  12:18  Baneling x11  
  172  12:19  Ravager x3  
  172  12:20  Drone x3  
  180  12:23  Drone  
  180  12:24  Extractor, Ravager  
  180  12:25  Extractor, Ravager x5  
  185  12:30  Drone x9  
  185  12:33  Baneling x4, Ravager x4  
  185  12:34  Baneling x7  
  185  12:36  Queen  
  200  12:43  Hatchery  
  199  12:47  Drone x4  
  197  12:53  Drone x2, Spine Crawler  
  197  12:54  Spore Crawler, Spine Crawler  
  197  12:56  Drone x7, Spine Crawler  
  197  13:02  Drone x8  
  196  13:11  Drone x5  
  192  13:36  Corruptor x4  
  195  13:51  Zergling x22  
  196  13:57  Roach, Zergling x10  
  196  14:02  Zergling x6  
  200  14:12  Baneling  
  200  14:13  Hatchery, Baneling x21, Unknown, Adrenal Glands  
  198  14:19  Drone  
  198  14:20  Zergling x2  
  200  14:35  Baneling x6  
  196  14:41  Zergling x20  
  187  14:47  Zergling x48  
  187  14:49  Queen  
  192  14:53  Roach, Zergling x8  
  192  14:56  Zergling x2  
  192  14:57  Zergling x8  
  200  15:01  Roach, Zergling x2  
  200  15:05  Roach x2, Zergling x2  
  186  15:07  Roach x2  
  186  15:12  Roach x2  
  186  15:14  Roach x2, Zergling x8  
  181  15:19  Roach x3  
  181  15:21  Roach x3  
  185  15:22  Roach  
  185  15:26  Roach x3  
  185  15:27  Roach  
  192  15:30  Zergling x4  
  192  15:34  Roach  
  192  15:35  Roach, Zergling x4  
  187  15:38  Roach, Zergling x2  
  182  15:45  Baneling x22  
  182  15:46  Ravager x6  
  182  15:47  Zergling x24  
Show
View Real Time Build Order
Export as new Build Order

HeroMarine Terran 

Build Orders:  

Get SALT Encoding   

  12  0:00  SCV  
  13  0:12  SCV  
  14  0:16  Supply Depot  
  14  0:24  SCV  
  15  0:38  SCV  
  15  0:40  Barracks  
  16  0:43  Refinery  
  16  0:50  SCV  
  17  1:02  SCV  
  18  1:14  SCV  
  19  1:26  Marine  
  19  1:27  Orbital Command  
  20  1:38  Command Center  
  20  1:48  Factory  
  20  1:52  SCV  
  21  1:58  Refinery  
  21  2:03  Barracks Reactor  
  21  2:04  SCV  
  22  2:09  Supply Depot  
  22  2:16  SCV  
  23  2:31  SCV  
  23  2:32  Hellion, Starport  
  26  2:38  Marine  
  26  2:39  Marine  
  26  2:43  SCV  
  29  2:49  Orbital Command  
  29  2:54  Hellion  
  29  2:56  SCV  
  32  3:02  Marine x2  
  34  3:08  Medivac  
  34  3:10  SCV  
  37  3:15  Hellion  
  37  3:19  Marine  
  39  3:20  Marine  
  39  3:25  Supply Depot, SCV  
  42  3:30  SCV  
  43  3:35  Fusion Core  
  43  3:40  SCV  
  45  3:42  SCV  
  45  3:45  Starport Tech Lab  
  45  3:51  Supply Depot  
  45  3:52  Hellion x2  
  45  3:53  SCV  
  45  3:55  SCV  
  51  3:58  Marine  
  52  4:05  SCV  
  52  4:07  SCV  
  54  4:10  Supply Depot  
  54  4:13  Hellion x2  
  58  4:20  SCV x2  
  60  4:34  SCV x2  
  60  4:36  Battlecruiser  
  68  4:49  SCV  
  68  4:50  SCV, Command Center  
  70  4:57  Supply Depot  
  70  5:04  Factory  
  70  5:06  Factory  
  70  5:11  Refinery  
  70  5:12  Refinery  
  70  5:18  SCV x2  
  70  5:24  Hellion x2  
  70  5:30  SCV x2  
  69  5:42  SCV x2  
  69  5:44  Battlecruiser  
  69  5:48  Hellion  
  76  5:51  Factory Tech Lab x2  
  76  5:54  SCV, Hellion  
  78  6:01  SCV  
  78  6:02  Orbital Command  
  79  6:07  SCV  
  80  6:12  Cyclone x2  
  80  6:13  SCV  
  80  6:16  Supply Depot  
  80  6:17  Supply Depot  
  87  6:19  SCV  
  87  6:24  Weapon Refit  
  88  6:25  SCV  
  88  6:27  Orbital Command  
  88  6:28  Refinery  
  88  6:31  SCV  
  90  6:33  Refinery  
  90  6:34  Supply Depot  
  90  6:35  Hellion  
  90  6:37  SCV, Hellion  
  91  6:43  SCV  
  91  6:45  Mag-Field Accelerator  
  84  6:47  Cyclone  
  84  6:49  Cyclone  
  84  6:50  SCV  
  90  6:55  SCV  
  90  6:57  SCV  
  92  7:02  SCV  
  92  7:07  SCV  
  98  7:09  SCV  
  98  7:13  Supply Depot  
  98  7:14  SCV  
  98  7:15  Battlecruiser  
  106  7:19  SCV  
  106  7:21  SCV  
  108  7:24  Engineering Bay  
  108  7:26  SCV  
  108  7:27  Supply Depot  
  108  7:29  Cyclone x2  
  108  7:31  SCV  
  108  7:33  SCV, Hellion x2  
  108  7:34  Infernal Pre-Igniter  
  114  7:38  SCV  
  114  7:43  SCV  
  115  7:46  SCV  
  115  7:48  Command Center  
  115  7:50  SCV  
  117  7:56  Supply Depot, Factory  
  117  7:57  Hellion x2  
  117  7:58  Factory  
  121  8:01  Cyclone  
  121  8:02  Cyclone  
  127  8:11  SCV x3  
  130  8:15  Supply Depot  
  130  8:16  Supply Depot x2  
  130  8:20  Hellion x2  
  130  8:26  Armory  
  134  8:27  Supply Depot, Armory  
  134  8:33  Missile Turret  
  134  8:34  Missile Turret  
  134  8:36  Siege Tank x2  
  142  8:42  Hellion  
  142  8:43  Factory Reactor, Factory Tech Lab  
  142  8:48  SCV x3  
  145  8:49  Missile Turret  
  145  8:56  Battlecruiser  
  151  9:10  Cyclone x2  
  151  9:11  Hellion  
  151  9:12  Hellion  
  161  9:17  Sensor Tower  
  161  9:26  Hellion x2  
  161  9:29  Refinery  
  161  9:30  Siege Tank  
  164  9:32  Refinery  
  164  9:38  Hellion x2  
  164  9:42  Hellion, Siege Tank  
  164  9:44  Terran Vehicle Weapons Level 1, Terran Vehicle And Ship Armor Level 1  
  165  9:55  Hellion  
  165  9:56  SCV x3, Planetary Fortress  
  167  10:02  Siege Tank  
  167  10:06  Siege Tank, Command Center  
  169  10:16  Siege Tank  
  166  10:22  Hellion  
  166  10:23  Hellion  
  166  10:28  Hellion x2  
  166  10:30  Battlecruiser  
  173  10:38  Cyclone  
  176  10:44  Hellion x2  
  180  10:50  Cyclone  
  180  10:52  Command Center  
  180  10:55  Factory  
  178  10:57  Factory  
  178  10:59  Cyclone  
  178  11:02  Hellion  
  178  11:03  Hellion  
  173  11:09  Hellion x2  
  173  11:11  Hellion  
  158  11:18  Factory  
  156  11:22  Hellion  
  158  11:31  Cyclone  
  158  11:32  Cyclone  
  158  11:36  Hellion  
  158  11:37  Hellion  
  156  11:43  Hellion x2, Cyclone  
  156  11:45  Battlecruiser  
  155  11:56  SCV x2  
  155  11:58  SCV  
  136  12:02  Hellion  
  136  12:03  Cyclone  
  136  12:04  Hellion x2, Cyclone  
  136  12:05  Hellion  
  136  12:06  SCV x2  
  132  12:08  SCV x2  
  132  12:10  SCV  
  128  12:16  Hellion  
  128  12:17  Factory Tech Lab x2  
  128  12:18  SCV  
  128  12:21  Factory Tech Lab  
  128  12:22  SCV x2  
  135  12:24  Hellion, Orbital Command  
  135  12:25  Hellion  
  138  12:35  Hellion x2, Cyclone  
  138  12:36  Cyclone  
  147  12:37  Cyclone  
  147  12:39  Cyclone  
  147  12:42  Cyclone  
  156  12:45  Cyclone  
  153  12:54  Hellion  
  153  12:55  Hellion  
  153  12:57  Hellion  
  151  13:08  Cyclone x2  
  151  13:09  Hellion, Cyclone  
  151  13:11  Cyclone  
  157  13:13  Terran Vehicle Weapons Level 2  
  157  13:14  Siege Tank  
  157  13:17  Siege Tank  
  154  13:40  Siege Tank, Cyclone  
  154  13:41  Hellion, Siege Tank  
  165  13:43  Cyclone  
  165  13:46  Siege Tank  
  168  13:49  Siege Tank  
  168  13:52  Hellion  
  156  13:59  Planetary Fortress  
  156  14:02  Refinery x2  
  156  14:05  Hellion x2  
  156  14:06  Terran Vehicle And Ship Armor Level 2  
  158  14:12  Siege Tank x2  
  158  14:13  Siege Tank  
  158  14:15  Siege Tank  
  170  14:18  Hellion  
  170  14:19  Siege Tank  
  170  14:20  Hellion  
  170  14:22  Siege Tank  
  178  14:44  Siege Tank  
  178  14:45  Cyclone, Siege Tank  
  165  14:47  Cyclone  
  165  14:51  Cyclone  
  160  14:54  Cyclone  
  149  15:02  Hellion  
  149  15:03  Hellion  
  149  15:05  Hellion x2  
  141  15:12  Orbital Command  
  123  15:16  Cyclone  
  123  15:17  Siege Tank x2  
  123  15:19  Cyclone  
  120  15:23  Hellion  
  120  15:24  Hellion x2  
  120  15:26  Hellion x2  
  120  15:27  Hellion  
  105  15:44  Cyclone  
  105  15:45  Hellion x2  
  105  15:47  Thor  
  124  15:50  Thor  
  124  15:52  SCV  
  124  15:54  SCV  
  132  15:58  Siege Tank  
  132  16:02  Cyclone  
  138  16:08  SCV  
  138  16:12  SCV  

Tags
 
Add a new tag
Caveats
  • Supply blocks, unpowered buildings, or Contaminate may cause inaccurate times.
  • Supply counts are checked every 10 seconds.